Cogmind - Beta 15 @@@ ROGUE MODE // 2025.08.09 @ 23:33:07 Player: Mediocre Result: Heading to fleet! Performance ------------- Evolutions (9) 4500 Regions Visited (22) 4400 Robots Destroyed (1125) 5625 Value Destroyed (74517) 74517 Prototype IDs (380) 7600 Alien Tech Used (17) 3400 Bonus (118373) 118373 TOTAL SCORE: 218415 Bonus ------- Triggered High Security 500 Triggered Max Security 4000 High Alert Combat Kills 64072 Follower Combat Kills 848 Registered with UFD 300 Met Optimus in HQ 500 Used Core Reset Matrix 3000 Scanned by Researcher 500 Integrated Exoskeleton 5000 Recovered Sigix Corpse 2000 Destroyed MAIN.C Guards 500 Destroyed MAIN.C Shell 5000 Destroyed MAIN.C 10000 Met Architect 300 Started Test 138-B 500 Destroyed A8 300 Destroyed A6 400 Destroyed A5 500 Destroyed A4 700 Destroyed A3 800 Destroyed A2 1000 Destroyed Architect 15000 Win 3000 Friendly Fire -347 Cogmind --------- Core Integrity 949/1600 Matter 260/300 Energy 332/340 System Corruption 0% +Membrane Temperature Cool (0) Movement Walking (30) Location To Fleet Rendezvous Parts ------- > --- POWER (1) -------- Zero-point Reactor > --- PROPULSION (3) --- Sigix Exoskeleton > --- UTILITY (11) ----- Experimental Power Amplifier Experimental Power Amplifier Advanced Quantum Shading Machine Experimental Targeting Computer Experimental Targeting Computer Experimental Core Analyzer Quantum Capacitor Experimental Reaction Control System Experimental Phase Shifter AEGIS Remote Shield > --- WEAPON (2) ------- Sigix Shearcannon > --- INVENTORY (5) ---- Gatling Beam A3's Sniper Rifle Sigix Corpse Peak State ------------ > --- POWER ------------ Zero-point Reactor > --- PROPULSION ------- Sigix Exoskeleton > --- UTILITY ---------- Experimental Power Amplifier Advanced Quantum Shading Machine Experimental Targeting Computer Experimental Targeting Computer Experimental Core Analyzer Quantum Capacitor Experimental Reaction Control System Experimental Phase Shifter AEGIS Remote Shield Architect God Chip A > --- WEAPON ----------- Sigix Shearcannon > --- INVENTORY -------- Experimental Power Amplifier Advanced Energy Well Experimental Core Analyzer Experimental Weapon Cycler Integrity Redistributor [Rating: 303] Favorites ----------- Power Light Quantum Reactor Engine Ion Engine Power Core Micro Nuclear Core Reactor Light Quantum Reactor Propulsion Flight Unit Treads Light Treads Leg Sigix Exoskeleton Flight Unit Flight Unit Utility Experimental Targeting Computer Device Advanced Force Field Storage Large Storage Unit Processor Experimental Targeting Computer Hackware System Mapper Protection Backup Plating VII Artifact Microwarp Drive Weapon Sigix Shearcannon Energy Gun Medium Laser Energy Cannon Sigix Shearcannon Ballistic Gun High-powered Shotgun Ballistic Cannon Hypervelocity Linear Accelerator Launcher Mini Smartbomb Launcher Special Weapon System Spiker Impact Weapon Hammer Slashing Weapon Companion Sword Piercing Weapon Heavy Pick Special Melee Weapon Datajack Build | -11 -10 -10 -10 -8 -6 -6 -6 -5 -5 -5 -5 -4 -4 -4 -3 -3 -3 -2 -2 -1 -1 -1 ------- Run | Yrd Mat Min Sub Scr Fac Low Zio Pro Fac Upp Upp Fac Upp Upp Res Qua Sec Res Tes Acc Com Ac0 Slots Evolved 18 | . . . . . 8 . . . 2 . . 2 . . 2 . . 2 . 2 . . Power 1 | . . . . . . . . . 1 . . . . . . . . . . . . . Propulsion 3 | . . . . . 3 . . . . . . 1 . . 1 . . -2 . . . . Utility 16 | . . . . . 5 . . . 1 . . 1 . . 1 . . 6 . 2 . . Weapon -2 | . . . . . . . . . . . . . . . . . . -2 . . . . Parts Attached 178 | 4 10 1 4 8 12 . 4 . 12 . . 14 1 1 5 8 11 27 6 14 28 8 Power 24 | . 2 1 . 1 1 . . . 4 . . 4 . . . 3 . 5 . . 3 . Engine 8 | . 2 1 . 1 . . . . 2 . . 1 . . . 1 . . . . . . Core 5 | . . . . . 1 . . . 1 . . 3 . . . . . . . . . . Reactor 11 | . . . . . . . . . 1 . . . . . . 2 . 5 . . 3 . Propulsion 21 | 2 . . 1 2 3 . . . 4 . . 2 . . 3 1 3 . . . . . Treads 3 | 2 . . 1 . . . . . . . . . . . . . . . . . . . Leg . | . . . . . . . . . . . . . . . . . . . . . . . Wheel . | . . . . . . . . . . . . . . . . . . . . . . . Hover . | . . . . . . . . . . . . . . . . . . . . . . . Flight 18 | . . . . 2 3 . . . 4 . . 2 . . 3 1 3 . . . . . Utility 107 | 1 2 . . 3 6 . 4 . 3 . . 8 1 1 1 3 5 22 6 14 22 5 Device 43 | 1 . . . 2 1 . 2 . 3 . . . . . . 2 1 12 1 2 13 3 Storage 6 | . 2 . . . . . . . . . . 1 . . . . . . 1 . 2 . Processor 38 | . . . . 1 4 . 2 . . . . . 1 1 1 . 2 8 1 10 7 . Hackware 9 | . . . . . . . . . . . . . . . . . . 2 3 2 . 2 Protection 9 | . . . . . 1 . . . . . . 7 . . . 1 . . . . . . Artifact 2 | . . . . . . . . . . . . . . . . . 2 . . . . . Weapon 26 | 1 6 . 3 2 2 . . . 1 . . . . . 1 1 3 . . . 3 3 Energy Gun 8 | 1 4 . 1 . . . . . . . . . . . . . 1 . . . . 1 Energy Cannon 4 | . . . . . . . . . . . . . . . . . 2 . . . 2 . Ballistic Gun 2 | . . . 1 . . . . . . . . . . . . . . . . . . 1 Ballistic Cannon 1 | . . . . . . . . . . . . . . . . . . . . . . 1 Launcher 5 | . . . 1 . 1 . . . . . . . . . 1 1 . . . . 1 . Special Weapon 1 | . . . . 1 . . . . . . . . . . . . . . . . . . Impact Weapon 2 | . 2 . . . . . . . . . . . . . . . . . . . . . Slashing Weapon 1 | . . . . 1 . . . . . . . . . . . . . . . . . . Piercing Weapon 1 | . . . . . 1 . . . . . . . . . . . . . . . . . Special Melee Weapon 1 | . . . . . . . . . 1 . . . . . . . . . . . . . Unidentified Prototypes 36 | . . . . 1 1 . 2 . 1 . . . . 1 2 3 1 4 4 1 8 7 Parts Lost 13 | . . . . . 1 . . . . . 1 1 2 . 3 1 4 . . . . . Power 2 | . . . . . . . . . . . . 1 . . 1 . . . . . . . Propulsion 5 | . . . . . 1 . . . . . . . 1 . . . 3 . . . . . Utility 5 | . . . . . . . . . . . 1 . . . 2 1 1 . . . . . Weapon 1 | . . . . . . . . . . . . . 1 . . . . . . . . . Highest Loss Streak 4 | . . . . . 1 . . . . . 1 1 1 . 2 1 4 . . . . . To Critical Strikes . | . . . . . . . . . . . . . . . . . . . . . . . Average Backups 7 | 3 7 13 15 10 4 5 5 5 4 4 4 4 7 10 9 9 7 4 5 6 4 4 Power . | . . . 1 . . 1 1 1 . . . . 1 2 1 1 . . . . . . Propulsion 1 | . . 3 5 4 . . . . . 1 1 . 1 1 1 2 . . . . . . Utility 1 | . . 1 2 1 1 2 2 2 1 2 2 2 3 5 5 3 1 1 1 2 1 3 Weapon 2 | 1 6 7 6 3 1 1 1 1 1 1 1 . 1 1 1 1 1 1 1 2 . . Tool/Special . | . . . . . . . . . . . . . . . . . . . . . . . Unused Backups 20 | . 1 4 . 7 1 . . . . . . 1 . . . 2 1 . . . . 3 Power 4 | . . 1 . . 1 . . . . . . 1 . . . 1 . . . . . . Propulsion 4 | . . 1 . 3 . . . . . . . . . . . . . . . . . . Utility 6 | . . 1 . 2 . . . . . . . . . . . 1 . . . . . 2 Weapon 4 | . 1 1 . 2 . . . . . . . . . . . . . . . . . . Tool/Special 2 | . . . . . . . . . . . . . . . . . 1 . . . . 1 Average Slot Usage (%) 85 | . 98 100 100 93 74 80 83 86 83 98 98 84 84 75 75 86 60 75 79 80 80 75 Engine 4 | . 13 14 14 14 2 . . . 2 5 5 4 . . . 2 . . . . . . Core 1 | . . . . . 3 6 6 6 3 5 5 5 6 5 7 4 2 . . . . . Reactor 2 | . . . . . . . . . . . . . . . . 2 3 6 6 5 5 5 Treads 7 | . 27 28 28 16 . . . . . . . . . . . . . . . . . . Leg 2 | . . . . . . . . . . . . . . . . . 2 6 6 5 5 5 Flight 7 | . . . . 11 28 26 26 26 24 29 29 26 21 20 18 27 16 . . . . . Device 15 | . 14 14 14 14 6 6 6 6 5 11 11 8 5 5 3 3 5 25 13 10 25 40 Storage 5 | . 13 14 14 8 . . . . . . . . 5 5 4 4 2 . 5 5 . . Processor 17 | . . . . 5 20 26 30 33 29 29 29 22 16 20 21 22 13 21 21 26 31 17 Hackware 3 | . . . . . . . . . . . . . . . . . . 6 18 18 3 . Protection 1 | . . . . . 4 6 6 6 5 5 3 9 19 15 12 12 2 . . . . . Energy Gun 6 | . 24 28 18 8 . . . . . . . . . . . . 2 . . . . . Energy Cannon 2 | . . . . . . . . . . . . . . . . . 2 6 6 5 4 4 Ballistic Gun 1 | . . . 9 8 . . . . . . . . . . . . . . . . . . Piercing Weapon 1 | . . . . . 3 6 6 6 5 3 3 5 4 5 4 4 2 . . . . . Peak Build Rating 303 | 4 8 9 12 24 41 45 52 43 72 76 71 107 102 91 119 135 242 275 272 288 301 303 Average Rating 142 | 2 7 8 11 12 29 36 40 43 47 70 69 84 90 90 105 122 168 265 269 283 290 298 On Entrance 99 | . 4 8 9 12 14 36 36 43 43 72 71 66 101 89 91 112 131 235 269 272 288 297 Naked Turns . | . . . . . . . . . . . . . . . . . . . . . . . Heaviest Build 74 | 3 30 30 31 31 20 17 17 17 24 26 24 35 35 27 31 46 60 61 60 60 74 74 Greatest Support 85 | 3 40 40 40 40 21 17 17 17 33 33 33 40 39 32 46 46 60 69 60 72 85 85 Greatest Overweight (x) 1 | . . . . 1 . . . . 1 . . . . . . . 1 . . . . . Average Overweight (x) . | . . . . . . . . . . . . . . . . . . . . . . . Largest Inventory Capacity 15 | 5 15 15 15 15 5 5 5 5 5 5 5 10 10 10 10 10 10 5 8 8 8 5 Average Capacity 8 | 5 12 15 15 10 5 5 5 5 5 5 5 5 10 10 10 10 8 5 7 8 5 5 Most Carried 15 | 5 11 15 15 15 5 5 5 5 5 5 5 5 10 10 10 10 10 5 8 8 8 5 Average Carried 7 | 3 7 13 14 10 4 4 4 5 4 4 4 4 7 10 9 9 8 5 7 7 5 4 Final Capacity 15 | 5 15 15 15 5 5 5 5 5 5 5 5 10 10 10 10 10 5 5 8 8 5 5 Final Carried 15 | 5 10 15 15 5 5 5 5 5 5 4 5 5 10 10 10 10 5 5 8 8 5 3 Class Distribution -------------------- 41% | Alien-Sigix 33% | Mutant 11% | Scout 3% | Derelict-Scout Dominant Class ---------------- Mutant | -10/Materials Mutant | -10/Mines Mutant | -10/Subcaves Mutant | -8/Scraptown Scavenger-Sprinter | -6/Factory Scout | -6/Lower Caves Scout | -6/Zion Scout | -5/Proximity Caves Scout | -5/Factory Scout | -5/Upper Caves Scout | -5/Upper Caves Sprinter | -4/Factory Sprinter | -4/Upper Caves Derelict-Sprinter | -4/Upper Caves Derelict-Scout | -3/Research Derelict-Scout | -3/Quarantine Alien-Sigix | -3/Section 7 Alien-Sigix | -2/Research Alien-Sigix | -2/Testing Alien-Sigix | -1/Access Alien-Sigix | -1/Command Alien-Sigix | -1/Access_0 Resources | -11 -10 -10 -10 -8 -6 -6 -6 -5 -5 -5 -5 -4 -4 -4 -3 -3 -3 -2 -2 -1 -1 -1 ----------- Run | Yrd Mat Min Sub Scr Fac Low Zio Pro Fac Upp Upp Fac Upp Upp Res Qua Sec Res Tes Acc Com Ac0 Matter Collected 3300 | 220 265 43 102 109 227 . 21 69 82 52 42 210 108 67 94 120 355 324 100 170 350 170 Remotely . | . . . . . . . . . . . . . . . . . . . . . . . Salvage Created 74552 | 15 609 408 125 70 212 . . . 212 . 35 264 49 . 115 280 1071 12331 12204 22382 21065 3105 Parts 3006 | 4 23 20 7 4 13 . . . 13 . 4 15 6 . 4 21 56 471 349 868 937 191 Haulers Intercepted 18 | . 2 . . . 1 . . . 1 . . . . . 1 1 2 4 1 5 . . Recyclers Shooed 5 | . . . . . . . . . . . . 1 . . 1 1 . . . . 2 . Parts Field Recycled . | . . . . . . . . . . . . . . . . . . . . . . . Retrieved Matter . | . . . . . . . . . . . . . . . . . . . . . . . Parts Self-Destructed 29 | . . . 8 3 . . . 6 . 4 4 . 4 . . . . . . . . . Prevented . | . . . . . . . . . . . . . . . . . . . . . . . Kills | -11 -10 -10 -10 -8 -6 -6 -6 -5 -5 -5 -5 -4 -4 -4 -3 -3 -3 -2 -2 -1 -1 -1 ------- Run | Yrd Mat Min Sub Scr Fac Low Zio Pro Fac Upp Upp Fac Upp Upp Res Qua Sec Res Tes Acc Com Ac0 Combat Hostiles Destroyed 1024 | . 12 10 4 1 3 . . . 4 . 5 5 3 . . . 10 131 137 255 412 32 Melee 7 | . 5 . . 1 . . . . . . . . . . . . . . 1 . . . Guns 15 | . 4 9 2 . . . . . . . . . . . . . . . . . . . Cannons 803 | . . . . . . . . . . . . . . . . . 10 131 136 254 240 32 AOE 195 | . . . 2 . 3 . . . 4 . 5 5 3 . . . . . . 1 172 . Classes Destroyed 31 | 1 3 2 1 1 . . . . 2 . . . . . . 1 3 13 1 . 3 . Worker 31 | . . . . . . . . . 1 . . 2 . . . . . . 3 13 12 . Builder 13 | . . . . . . . . . 1 . . 1 . . . 2 . . 2 7 . . Tunneler 3 | 1 1 . . . . . . . . . . . . . . . . 1 . . . . Hauler 18 | . 2 . . . 1 . . . 1 . . . . . 1 1 2 4 1 5 . . Recycler 15 | . . 2 . . 1 . . . . . . 1 . . . 1 . . 1 2 7 . Carrier 33 | . . . . . . . . . . . . . . . . . . 7 4 4 18 . Mechanic 22 | . . . . . . . . . . . . . . . . . . 3 6 13 . . Operator 9 | . . . . . . . . . . . . . . . . 1 . 4 1 . 3 . Drone 1 | . . . . . . . . . . . . . . . . . . . . . 1 . Watcher 30 | . 2 . . . . . . . 1 . . . . . . . 2 10 1 7 7 . Swarmer 104 | . . 6 . . 3 . . . 4 . 5 5 3 . . . . 13 . 8 57 . Cutter 18 | . . . . . . . . . . . . . . . . . . 3 . 4 11 . Saboteur 27 | . . . . . . . . . . . . . . . . . . 2 4 11 10 . Grunt 320 | . 12 4 . . . . . . . . . . . . . . 2 46 63 94 99 . Brawler 49 | . . . . . . . . . . . . . . . . . . 9 7 11 22 . Duelist 59 | . . . . . . . . . . . . . . . . . . 5 16 15 23 . Protector 34 | . . . . . . . . . . . . . . . . . . 3 5 14 12 . Researcher 2 | . . . . . . . . . . . . . . . . . . . 2 . . . Sentry 75 | . . . . . . . . . . . . . . . . . 2 30 12 24 7 . Demolisher 13 | . . . . . . . . . . . . . . . . . . 2 . . 11 . Specialist 22 | . . . . . . . . . . . . . . . . . . . . . 22 . Hunter 89 | . . . . . . . . . . . . . . . . . . 4 6 19 60 . Programmer 100 | . . . . . . . . . . . . . . . . . 4 7 14 22 53 . Heavy 5 | . . . . . . . . . . . . . . . . . . 2 . 1 2 . Behemoth 5 | . . . . . . . . . . . . . . . . . . 1 . . 4 . M Guard 2 | . . . . . . . . . . . . . . . . . . . . . 2 . M Shell/Atk 2 | . . . . . . . . . . . . . . . . . . . . . 2 . M Shell/Def 2 | . . . . . . . . . . . . . . . . . . . . . 2 . Enhanced Grunt 17 | . . . . . . . . . . . . . . . . . . . . . . 17 Enhanced Hunter 8 | . . . . . . . . . . . . . . . . . . . . . . 8 Combat Programmer 2 | . . . . . . . . . . . . . . . . . . . . . 2 . Investigator 2 | . . . . . . . . . . . . . . . . . . . 1 1 . . Striker 24 | . . . . . . . . . . . . . . . . . . 2 4 16 2 . Executioner 30 | . . . . . . . . . . . . . . . . . 2 2 6 16 4 . Alpha 7 2 | . . . . . . . . . . . . . . . . . . . . . 2 . Subdweller 4 | . . . 4 . . . . . . . . . . . . . . . . . . . Scrapper 1 | . . . . 1 . . . . . . . . . . . . . . . . . . Assembled 2 | . . . . . . . . . . . . . . . . . . 1 . 1 . . Best Kill Streak 191 | 1 3 5 2 1 3 . . . 5 . 5 6 3 . 1 2 6 76 78 68 191 6 Combat Bots Only 172 | . 2 5 2 1 3 . . . 4 . 5 5 3 . . . 5 49 73 53 172 6 Max Kills in Single Turn 189 | 1 1 2 1 1 1 . . . 3 . 1 3 3 . 1 1 2 3 3 4 189 2 Gunslinging 1 | . . 1 . . . . . . . . . . . . . . . . . . . . Exploded 172 | . . . 1 . 1 . . . 3 . 1 3 3 . . . . . . 1 172 . Melee 1 | . 1 . . 1 . . . . . . . . . . . . . . 1 . . . Uniques/NPCs Destroyed 9 | . . . . . . . . . . . . . . . . . . . . . 2 7 MAIN.C Shell (-1/Command) MAIN.C (-1/Command) A8 (-1/Access_0) A6 (-1/Access_0) A2 (-1/Access_0) A5 (-1/Access_0) A4 (-1/Access_0) Architect (-1/Access_0) A3 (-1/Access_0) Combat | -11 -10 -10 -10 -8 -6 -6 -6 -5 -5 -5 -5 -4 -4 -4 -3 -3 -3 -2 -2 -1 -1 -1 -------- Run | Yrd Mat Min Sub Scr Fac Low Zio Pro Fac Upp Upp Fac Upp Upp Res Qua Sec Res Tes Acc Com Ac0 Hostile Shots Fired 2422 | . 44 48 9 . 50 3 . 5 18 16 11 13 30 . 26 46 94 176 289 727 630 187 Missed 1043 | . 14 14 1 . 27 1 . 4 11 8 5 5 15 . 11 29 42 62 117 261 288 128 Hits 1379 | . 30 34 8 . 23 2 . 1 7 8 6 8 15 . 15 17 52 114 172 466 342 59 Melee 26 | . . . . . . . . . . . . . . . . . . 3 8 9 3 3 Projectile 1353 | . 30 34 8 . 23 2 . 1 7 8 6 8 15 . 15 17 52 111 164 457 339 56 AOE 15 | . . . . . . . . . . . . . . . . . . . . 2 13 . Critical Strikes 43 | . . 1 . . 1 . . . . 1 . 1 . . . . . 4 8 16 6 5 Actively Blocked 33 | . . . . . . . . . . . . . . . . . . 3 8 16 6 . Damage Taken 9541 | . 349 352 164 . 239 24 . 23 121 164 79 163 294 . 351 341 1055 730 816 2523 1319 434 Core 2764 | . 59 74 41 . 71 24 . . 21 29 . 47 66 . 28 18 528 212 235 771 384 156 Absorbed by Shields 6268 | . . . . . . . . . . . . . . . . . 79 744 901 2761 1370 413 Ignored by Resistances 19528 | . . . . . . . . . . . . . . . . . 407 1808 2505 6861 6910 1037 Regen/Repaired (Parts) 157 | . 97 . . . . . . . 60 . . . . . . . . . . . . . Core Remaining (%) 72 | 100 . . . 30 . . . 88 . . 95 . . 90 . . 50 . 69 . . 59 Volleys Fired 1175 | 7 35 31 7 . 4 1 1 . 2 4 6 2 2 . . . 22 147 132 291 390 91 Largest 2 | 1 2 2 2 . 1 1 1 . 1 1 1 1 1 . . . 1 1 1 1 1 1 Hottest 200 | 50 100 100 100 . 36 . . . 36 . 36 36 36 . . . 180 180 180 180 200 180 Shots Fired 1242 | 7 70 61 9 . 4 1 1 . 2 4 6 2 2 . . . 22 147 132 291 390 91 Gun 146 | 7 70 61 6 . . . . . . . . . . . . . . . . . . 2 Cannon 1070 | . . . . . . . . . . . . . . . . . 22 147 132 291 389 89 Launcher 20 | . . . 3 . 4 . . . 2 . 6 2 2 . . . . . . . 1 . Special 6 | . . . . . . 1 1 . . 4 . . . . . . . . . . . . Kinetic 2 | . . . 2 . . . . . . . . . . . . . . . . . . . Thermal 106 | 7 30 61 4 . . . . . . . . . . . . . . . . . 2 2 Explosive 19 | . . . 3 . 4 . . . 2 . 6 2 2 . . . . . . . . . Electromagnetic 42 | . 40 . . . . . . . . . . . . . . . 2 . . . . . Slashing 1067 | . . . . . . . . . . . . . . . . . 20 147 132 291 388 89 Robot Hit Streak 58 | 4 16 17 3 . . 4 . . 5 6 . . . . . . 19 45 58 58 57 21 Robot Miss Streak 14 | 1 4 4 1 . . . . . . 3 . . . . . . 14 5 4 5 7 11 Penetration Max 1 | . . . . . . . . . . . . . . . . . 1 1 1 1 1 1 Secondary Targets 7 | . 1 6 . . . . . . . . . . . . . . . . . . . . Max Gunslinging Chain 1 | . 1 1 . . . . . . . . . . . . . . . . . . . . Capacitor 113 | . . . . . . . . . . . . . . . . . . 3 . . 19 91 Shots Hit Robots 1135 | 5 67 39 6 1 2 1 . 8 5 7 . 9 . . 4 7 16 136 120 274 353 75 Core Hits 2595 | 2 17 18 6 1 4 . . 1 8 . 7 8 3 . 1 5 27 376 398 711 797 205 Critical Kills 1 | . 1 . . . . . . . . . . . . . . . . . . . . . Critical Parts Destroyed 5 | . 5 . . . . . . . . . . . . . . . . . . . . . Critical Strikes 194 | . 8 9 . . . . . . . . . . . . 1 . . 22 27 46 71 10 Burn 11 | . 2 9 . . . . . . . . . . . . . . . . . . . . Smash 6 | . 6 . . . . . . . . . . . . . . . . . . . . . Sever 176 | . . . . . . . . . . . . . . . . . . 22 27 46 71 10 Impale 1 | . . . . . . . . . . . . . . . 1 . . . . . . . Melee Attacks 164 | . 23 . . 2 12 1 . 14 12 7 . 34 5 7 8 14 25 . . . . . Impact 23 | . 23 . . . . . . . . . . . . . . . . . . . . . Slashing 6 | . . . . 2 4 . . . . . . . . . . . . . . . . . Piercing 127 | . . . . . 8 1 . 14 12 1 . 32 5 7 8 14 25 . . . . . Sneak Attacks 27 | . 1 . . . 2 . . . 3 6 . 7 . . 2 5 1 . . . . . Combat Hostiles 5 | . 1 . . . . . . . . 4 . . . . . . . . . . . . Follow-up Attacks 3 | . 3 . . . . . . . . . . . . . . . . . . . . . Damage Inflicted 349601 | 62 1234 540 191 38 464 . . 318 487 . 516 860 205 . 247 489 2955 29827 32922 61668 197492 19086 Guns 1340 | 62 691 536 51 . . . . . . . . . . . . . . . . . . . Cannons 196673 | . . . . . . . . . . . . . . . . . 2794 29806 32724 60571 51692 19086 Explosions 148257 | . 89 . 140 . 286 . . . 234 . 516 353 205 . . . . . . 780 145654 . Melee 2534 | . 441 . . 38 178 . . 318 253 . . 507 . . 247 489 63 . . . . . Ramming 797 | . 13 4 . . . . . . . . . . . . . . 98 21 198 317 146 . Kinetic 27 | . . . 27 . . . . . . . . . . . . . . . . . . . Thermal 146613 | 62 386 536 24 . . . . . . . . . . . . . . . . . 145605 . Explosive 2348 | . . . 140 . 286 . . . 234 . 516 353 205 . . . . . . 565 49 . Electromagnetic 609 | . 394 . . . . . . . . . . . . . . . . . . 215 . . Impact 441 | . 441 . . . . . . . . . . . . . . . . . . . . . Slashing 196711 | . . . . 38 . . . . . . . . . . . . 2794 29806 32724 60571 51692 19086 Piercing 2055 | . . . . . 178 . . 318 253 . . 507 . . 247 489 63 . . . . . Highest Corruption 73 | . 4 4 4 . 1 1 1 . 2 73 73 . . . 3 3 . . . . . . Average Corruption 6 | . 3 4 4 . 1 1 1 . 2 43 73 . . . 2 3 . . . . . . Corruption Purged . | . . . . . . . . . . . . . . . . . . . . . . . Corruption Blocked . | . . . . . . . . . . . . . . . . . . . . . . . Effects 94 | . 33 21 17 . 3 1 . . 1 10 4 . . . 1 3 . . . . . . Message Errors 30 | . 13 6 4 . 1 . . . . 3 1 . . . 1 1 . . . . . . Matter Fused 17 | . 6 6 1 . 1 . . . 1 2 . . . . . . . . . . . . Heat Flow Errors 10 | . 2 3 2 . 1 1 . . . 1 . . . . . . . . . . . . Energy Discharges 14 | . 7 1 4 . . . . . . 1 . . . . . 1 . . . . . . Data Loss (minor) 11 | . 3 2 4 . . . . . . 1 1 . . . . . . . . . . . Data Loss (major) 5 | . 1 2 1 . . . . . . . 1 . . . . . . . . . . . Alerts 3 | . 1 . . . . . . . . 1 . . . . . 1 . . . . . . Misdirections 2 | . . . . . . . . . . 1 1 . . . . . . . . . . . Weapon Failures 2 | . . 1 1 . . . . . . . . . . . . . . . . . . . Overload Shots . | . . . . . . . . . . . . . . . . . . . . . . . Overflow Damage 15575 | . 155 . . . 103 . . . 48 . 46 229 3 . 29 62 100 542 410 1191 12531 126 Projectiles 2768 | . . . . . . . . . . . . . . . . . 79 542 410 1004 607 126 Explosions 12085 | . . . . . 53 . . . . . 46 19 3 . . . . . . 40 11924 . Melee 722 | . 155 . . . 50 . . . 48 . . 210 . . 29 62 21 . . 147 . . Knockbacks 6 | . 4 . . . . . . . . . . . . . . . . . . 1 1 . Impact 6 | . 4 . . . . . . . . . . . . . . . . . . 1 1 . Kinetic . | . . . . . . . . . . . . . . . . . . . . . . . Secondary . | . . . . . . . . . . . . . . . . . . . . . . . Self-Inflicted Damage 88 | . . . . . . . . . . . . . 20 . . . . . . 68 . . Shots 4 | . . . . . . . . . . . . . 1 . . . . . . 3 . . Rammed 4 | . 2 2 . . . . . . . . . . . . . . . . . . . . Targets Rammed 26 | . 2 2 . . . . . . . . . . . . . . 3 2 7 6 4 . Kicked 22 | . . . . . . . . . . . . . . . . . 3 2 7 6 4 . Crushed . | . . . . . . . . . . . . . . . . . . . . . . . Highest Temperature 355 | 25 287 276 211 . 133 285 . . 8 215 14 148 1 . 202 . 199 351 75 355 292 224 Average Temperature 82 | 25 96 82 99 . 53 128 . . 3 26 5 68 1 . 63 . 54 103 58 107 99 64 Received Heat Transfer 1737 | . 195 147 18 . 69 . . . 39 81 . 27 18 . 18 21 103 156 204 516 112 13 Effects 5 | . 1 . . . . . . . . . . . . . . . . 2 . 1 1 . Energy Bleed 3 | . 1 . . . . . . . . . . . . . . . . . . 1 1 . Interference 2 | . . . . . . . . . . . . . . . . . . 2 . . . . Siege Activations . | . . . . . . . . . . . . . . . . . . . . . . . Martial Activations . | . . . . . . . . . . . . . . . . . . . . . . . Shielding Activations . | . . . . . . . . . . . . . . . . . . . . . . . Robots Disrupted . | . . . . . . . . . . . . . . . . . . . . . . . Combat Hostiles . | . . . . . . . . . . . . . . . . . . . . . . . Robots Corrupted 4 | . 3 . . . . . . . . . . . . . . . . . . 1 . . Combat Hostiles 3 | . 3 . . . . . . . . . . . . . . . . . . . . . Parts Fried 13 | . 7 . . . . . . . . . . . . . . . 1 . 1 4 . . Impact Corruptions 14 | . 7 . . . . . . . . . . . . . . . 1 . 1 5 . . Robots Melted 2 | . 1 1 . . . . . . . . . . . . . . . . . . . . Combat Hostiles 1 | . . 1 . . . . . . . . . . . . . . . . . . . . Parts Melted 10 | . 2 2 . 1 . . . . . . . . . . . . . . . 5 . . Heat Transferred 5262 | 185 1186 2257 74 . . . . . . . . . . . . . . . . . 1560 . Parts Sabotaged . | . . . . . . . . . . . . . . . . . . . . . . . Parts Stolen . | . . . . . . . . . . . . . . . . . . . . . . . Parts Stripped . | . . . . . . . . . . . . . . . . . . . . . . . Power Chain Reactions 2 | . 2 . . . . . . . . . . . . . . . . . . . . . Alert | -11 -10 -10 -10 -8 -6 -6 -6 -5 -5 -5 -5 -4 -4 -4 -3 -3 -3 -2 -2 -1 -1 -1 ------- Run | Yrd Mat Min Sub Scr Fac Low Zio Pro Fac Upp Upp Fac Upp Upp Res Qua Sec Res Tes Acc Com Ac0 Maximum Alert Level 5 | . . . . . 2 . . . 2 . . 2 . . . . 5 5 5 5 5 . Low Security (%) 35 | 100 100 100 . . 62 . . . 64 . . 13 . . 100 100 22 . . . . . Level 1 4 | . . . . . 32 . . . 8 . . 8 . . . . 49 . . . . . Level 2 3 | . . . . . 5 . . . 27 . . 77 . . . . . . . . . . Level 3 . | . . . . . . . . . . . . . . . . . . . . . . . Level 4 . | . . . . . . . . . . . . . . . . . . 6 . . . . Level 5 25 | . . . . . . . . . . . . . . . . . . . 18 7 98 . High Security . | . . . . . . . . . . . . . . . . . . . . . 1 . Max Security 30 | . . . . . . . . . . . . . . . . . 27 93 81 92 . . Sterilizations 3 | . . . . . . . . . . . . . . . . . . 1 1 1 . . Peak Influence 14027 | 5 70 142 . . 442 . . . 437 . . 548 . . 128 186 2102 7195 8768 14027 9109 . Initial 8976 | . . 22 . . . . . . 63 . . 200 . . 128 12 99 1182 4047 5260 8976 . Average 3329 | . 33 33 . . 170 . . . 201 . . 461 . . 77 44 669 4503 5926 9974 9041 . Influence Increases 41421 | 5 509 257 . . 582 . . 302 569 126 110 500 90 . 45 280 918 5915 4791 8867 15965 1590 Destroy 0b10 Robot/C 20860 | . 240 200 . . 60 . . 160 180 20 100 100 60 . . . 200 2760 2780 4940 9060 . Destroy 0b10 Robot/NC 955 | 5 25 10 . . 10 . . . 20 . . 20 . . 5 25 20 130 100 310 275 . Destroy Leader 2214 | . 68 40 . . 12 . . 30 24 . 10 10 . . 2 2 48 466 354 726 422 . Allied During Kill 1126 | . . 7 . . . . . 37 . 1 . . . . . . . 393 . 128 560 . Successful Hack 144 | . 33 . . . 75 . . . 5 . . . . . . 7 . . . 15 9 . Select Force Hacks 60 | . 60 . . . . . . . . . . . . . . . . . . . . . Disable Machine 1620 | . 30 . . . . . . . 105 . . 90 . . . 45 210 195 315 150 345 135 Anti-Garrison Action 650 | . . . . . . . . . . . . . . . . . . 300 150 150 50 . Destroy Structure 11032 | . 8 . . . 20 . . . 100 . . 130 . . 8 6 80 1566 972 2148 4539 1455 Partial Spotted 375 | . 15 . . . 60 . . . . . . 45 . . 30 . 30 90 . . 105 . Lose Combat Pursuer 2385 | . 30 . . . 345 . . 75 135 105 . 105 30 . . 195 330 15 120 300 600 . Influence Decreases 41544 | 5 451 315 . . 140 264 178 202 237 251 99 278 320 119 213 127 347 1180 3218 3608 6291 23701 Entered New Map 37491 | . . 36 . . . 164 178 . 37 161 59 118 200 59 63 11 77 920 3148 3508 5051 23701 Time Decay 2293 | 5 451 259 . . 130 100 . 182 170 70 30 130 100 60 120 106 230 20 70 60 . . Lost Part 130 | . . . . . 10 . . . . . 10 10 20 . 30 10 40 . . . . . Lost Ally 1630 | . . 20 . . . . . 20 30 20 . 20 . . . . . 240 . 40 1240 . Squads Dispatched 158 | . 3 1 . . 7 . . . 3 . . 1 . . 1 2 15 39 33 52 1 . Investigation 10 | . 3 1 . . 2 . . . 2 . . . . . . . . . . 2 . . Extermination 5 | . . . . . 1 . . . . . . . . . . 1 2 . . 1 . . Reinforcement 16 | . . . . . 2 . . . . . . 1 . . 1 1 1 5 1 4 . . Assault 124 | . . . . . . . . . 1 . . . . . . . 12 34 32 44 1 . Garrison 3 | . . . . . 2 . . . . . . . . . . . . . . 1 . . Intercept . | . . . . . . . . . . . . . . . . . . . . . . . Searches Triggered . | . . . . . . . . . . . . . . . . . . . . . . . Construction Impeded 2 | . . . . . . . . . . . . . . . . . . 1 . 1 . . Haulers Reinforced 3 | . . . . . . . . . . . . . . . 1 . . . 1 1 . . Active Scanning Responses . | . . . . . . . . . . . . . . . . . . . . . . . Cargo Convoy Interrupts . | . . . . . . . . . . . . . . . . . . . . . . . Stealth | -11 -10 -10 -10 -8 -6 -6 -6 -5 -5 -5 -5 -4 -4 -4 -3 -3 -3 -2 -2 -1 -1 -1 --------- Run | Yrd Mat Min Sub Scr Fac Low Zio Pro Fac Upp Upp Fac Upp Upp Res Qua Sec Res Tes Acc Com Ac0 Distress Signals 33 | . 1 . . . 1 . . . 1 . . 2 . . . 1 1 1 3 8 14 . Communications Jammed . | . . . . . . . . . . . . . . . . . . . . . . . Distress Signals . | . . . . . . . . . . . . . . . . . . . . . . . Times Spotted 1175 | . 20 12 4 6 29 1 . 10 18 14 4 19 5 3 8 26 47 150 193 327 238 41 Peak Tracking Total 28 | . 4 5 2 4 16 . . 4 12 10 5 16 4 3 9 12 18 9 28 21 20 4 Tactical Retreats 72 | . 2 . . . 7 . . 2 4 2 . 2 2 . . 3 7 1 6 13 21 . Traps | -11 -10 -10 -10 -8 -6 -6 -6 -5 -5 -5 -5 -4 -4 -4 -3 -3 -3 -2 -2 -1 -1 -1 ------- Run | Yrd Mat Min Sub Scr Fac Low Zio Pro Fac Upp Upp Fac Upp Upp Res Qua Sec Res Tes Acc Com Ac0 Traps Triggered 23 | . 4 . . . 1 . . . 1 . . . . . 1 1 . 2 2 9 2 . Indirectly . | . . . . . . . . . . . . . . . . . . . . . . . Trap Hack Attempts . | . . . . . . . . . . . . . . . . . . . . . . . Triggered . | . . . . . . . . . . . . . . . . . . . . . . . Disarmed . | . . . . . . . . . . . . . . . . . . . . . . . Reprogrammed . | . . . . . . . . . . . . . . . . . . . . . . . Reused . | . . . . . . . . . . . . . . . . . . . . . . . Traps Extracted . | . . . . . . . . . . . . . . . . . . . . . . . Installed . | . . . . . . . . . . . . . . . . . . . . . . . Triggered . | . . . . . . . . . . . . . . . . . . . . . . . Most Traps Carried 2 | . . . . 2 2 2 2 2 2 2 2 2 2 2 2 2 . . . . . . Machines | -11 -10 -10 -10 -8 -6 -6 -6 -5 -5 -5 -5 -4 -4 -4 -3 -3 -3 -2 -2 -1 -1 -1 ---------- Run | Yrd Mat Min Sub Scr Fac Low Zio Pro Fac Upp Upp Fac Upp Upp Res Qua Sec Res Tes Acc Com Ac0 Machines Disabled 141 | . 2 . . 1 . . . . 7 . . 6 1 . . 3 15 15 31 23 25 12 Max in Single Turn 6 | . 1 . . 1 . . . . 6 . . 4 1 . . 1 2 1 5 2 2 1 Garrison Access 8 | . . . . . . . . . . . . . . . . . . 2 1 5 . . Phase Generator 1 | . . . . . . . . . . . . . . . . . . . . . 1 . Energy Cycler 2 | . . . . . . . . . . . . . . . . . . . . 2 . . Machines Repaired . | . . . . . . . . . . . . . . . . . . . . . . . Machines Dismantled . | . . . . . . . . . . . . . . . . . . . . . . . Machines Sabotaged . | . . . . . . . . . . . . . . . . . . . . . . . Overloaded Fab Kills . | . . . . . . . . . . . . . . . . . . . . . . . Hacking | -11 -10 -10 -10 -8 -6 -6 -6 -5 -5 -5 -5 -4 -4 -4 -3 -3 -3 -2 -2 -1 -1 -1 --------- Run | Yrd Mat Min Sub Scr Fac Low Zio Pro Fac Upp Upp Fac Upp Upp Res Qua Sec Res Tes Acc Com Ac0 Machines Accessed 45 | . 10 1 . 6 8 1 . . 3 2 . . . . . 3 2 1 . 3 4 1 Terminals 26 | . 7 . . . 6 . . . 2 . . . . . . 2 2 . . 3 4 . Fabricators . | . . . . . . . . . . . . . . . . . . . . . . . Repair Stations 3 | . 1 . . . . . . . 1 . . . . . . 1 . . . . . . Recycling Units 4 | . 2 . . . 2 . . . . . . . . . . . . . . . . . Scanalyzers . | . . . . . . . . . . . . . . . . . . . . . . . Garrison Access 1 | . . . . . . . . . . . . . . . . . . 1 . . . . Total Hacks 136 | . 34 1 . 34 21 1 . . 9 8 . . . . . 7 3 1 . 8 5 4 Successful 90 | . 20 1 . 34 10 1 . . 3 8 . . . . . 2 2 . . 1 4 4 Failed 46 | . 14 . . . 11 . . . 6 . . . . . . 5 1 1 . 7 1 . Catastrophic 8 | . . . . . 3 . . . . . . . . . . 1 . 1 . 3 . . Database Lockouts . | . . . . . . . . . . . . . . . . . . . . . . . Manual 51 | . 21 . . . 13 . . . 9 . . . . . . 1 . . . 6 1 . Terminals 72 | . 25 . . . 18 . . . 7 . . . . . . 6 3 . . 8 5 . Fabricators . | . . . . . . . . . . . . . . . . . . . . . . . Repair Stations 7 | . 4 . . . . . . . 2 . . . . . . 1 . . . . . . Recycling Units 8 | . 5 . . . 3 . . . . . . . . . . . . . . . . . Scanalyzers . | . . . . . . . . . . . . . . . . . . . . . . . Garrison Access 1 | . . . . . . . . . . . . . . . . . . 1 . . . . Terminal Hacks 64 | . 5 1 . 34 3 1 . . . 8 . . . . . 2 2 . . 1 3 4 Record 30 | . . . . 23 . . . . . 7 . . . . . . . . . . . . Robot Analysis 10 | . 1 . . 9 . . . . . . . . . . . . . . . . . . Prototype ID Bank 3 | . 1 . . . 2 . . . . . . . . . . . . . . . . . Open Door 8 | . . 1 . 1 . 1 . . . 1 . . . . . 1 2 . . . 1 . Branch Access Points 2 | . . . . . 1 . . . . . . . . . . . . . . 1 . . Locate Traps 3 | . 3 . . . . . . . . . . . . . . . . . . . . . Maintenance Status 1 | . . . . . . . . . . . . . . . . 1 . . . . . . Proto ID Catalog 1 | . . . . 1 . . . . . . . . . . . . . . . . . . Disengage Seal 2 | . . . . . . . . . . . . . . . . . . . . . 2 . Gate Test 138-A 1 | . . . . . . . . . . . . . . . . . . . . . . 1 Gate Test 138-B 2 | . . . . . . . . . . . . . . . . . . . . . . 2 Gate Test 138-END 1 | . . . . . . . . . . . . . . . . . . . . . . 1 Fabricator Hacks . | . . . . . . . . . . . . . . . . . . . . . . . Repair Station Hacks 2 | . 2 . . . . . . . . . . . . . . . . . . . . . Scan Component 1 | . 1 . . . . . . . . . . . . . . . . . . . . . Repair 1 | . 1 . . . . . . . . . . . . . . . . . . . . . Recycling Unit Hacks 3 | . 2 . . . 1 . . . . . . . . . . . . . . . . . Recycle Component 1 | . . . . . 1 . . . . . . . . . . . . . . . . . Retrieve Components 2 | . 2 . . . . . . . . . . . . . . . . . . . . . Scanalyzer . | . . . . . . . . . . . . . . . . . . . . . . . Garrison Access Hacks . | . . . . . . . . . . . . . . . . . . . . . . . Unauthorized Hacks 21 | . 11 . . . 6 . . . 3 . . . . . . . . . . . 1 . Terminals 16 | . 8 . . . 5 . . . 2 . . . . . . . . . . . 1 . Assimilate 1 | . . . . . . . . . 1 . . . . . . . . . . . . . Botnet 7 | . 3 . . . 2 . . . 1 . . . . . . . . . . . 1 . Skim 8 | . 5 . . . 3 . . . . . . . . . . . . . . . . . Fabricators . | . . . . . . . . . . . . . . . . . . . . . . . Repair Stations 2 | . 1 . . . . . . . 1 . . . . . . . . . . . . . Patch 2 | . 1 . . . . . . . 1 . . . . . . . . . . . . . Recycling Units 3 | . 2 . . . 1 . . . . . . . . . . . . . . . . . Tunnel 2 | . 2 . . . . . . . . . . . . . . . . . . . . . Fedlink 1 | . . . . . 1 . . . . . . . . . . . . . . . . . Scanalyzers . | . . . . . . . . . . . . . . . . . . . . . . . Garrison Access . | . . . . . . . . . . . . . . . . . . . . . . . Data Cores Recovered 3 | . . . . . . . . . . . . . . . . 1 . . . . 2 . Used 1 | . . . . . . . . . . . . . . . . 1 . . . . . . Hacking Detections 24 | . 8 . . . 7 . . . 3 . . . . . . 2 . 1 . 2 1 . Full Trace Events 4 | . . . . . 1 . . . 1 . . . . . . . . . . 2 . . Feedback Events 1 | . . . . . 1 . . . . . . . . . . . . . . . . . Corruption 1 | . . . . . 1 . . . . . . . . . . . . . . . . . Feedback Blocked . | . . . . . . . . . . . . . . . . . . . . . . . Robot Schematics Acquired 1 | . . . . . . . . . . . . . . . . . . . 1 . . . Robots Built . | . . . . . . . . . . . . . . . . . . . . . . . Authchips . | . . . . . . . . . . . . . . . . . . . . . . . Time . | . . . . . . . . . . . . . . . . . . . . . . . Total Robot Build Rating . | . . . . . . . . . . . . . . . . . . . . . . . Part Schematics Acquired 3 | . . . . . . . . . . . . . . . . . . . 3 . . . Parts Built . | . . . . . . . . . . . . . . . . . . . . . . . Authchips . | . . . . . . . . . . . . . . . . . . . . . . . Time . | . . . . . . . . . . . . . . . . . . . . . . . Total Part Build Rating . | . . . . . . . . . . . . . . . . . . . . . . . Parts Repaired 1 | . 1 . . . . . . . . . . . . . . . . . . . . . Time 26 | . 26 . . . . . . . . . . . . . . . . . . . . . Parts Recycled 1 | . . . . . 1 . . . . . . . . . . . . . . . . . Recycled Matter . | . . . . . . . . . . . . . . . . . . . . . . . Retrieved Matter . | . . . . . . . . . . . . . . . . . . . . . . . Retrieved Components 6 | . 6 . . . . . . . . . . . . . . . . . . . . . Parts Scanalyzed . | . . . . . . . . . . . . . . . . . . . . . . . Part Schematics Acquired . | . . . . . . . . . . . . . . . . . . . . . . . Parts Damaged . | . . . . . . . . . . . . . . . . . . . . . . . Bothacking | -11 -10 -10 -10 -8 -6 -6 -6 -5 -5 -5 -5 -4 -4 -4 -3 -3 -3 -2 -2 -1 -1 -1 ------------ Run | Yrd Mat Min Sub Scr Fac Low Zio Pro Fac Upp Upp Fac Upp Upp Res Qua Sec Res Tes Acc Com Ac0 Used RIF Installer . | . . . . . . . . . . . . . . . . . . . . . . . Robots Hacked 1 | . . . . . . . . . . 1 . . . . . . . . . . . . Non-combat . | . . . . . . . . . . . . . . . . . . . . . . . Combat 1 | . . . . . . . . . . 1 . . . . . . . . . . . . Robot Hacks Applied 1 | . . . . . . . . . . 1 . . . . . . . . . . . . parse_system 1 | . . . . . . . . . . 1 . . . . . . . . . . . . Relay Couplers Released 5 | . . . . . . . . . . . . . . . . . . 3 1 1 . . Machine Destruction 5 | . . . . . . . . . . . . . . . . . . 3 1 1 . . Fabnet Peak Effective % . | . . . . . . . . . . . . . . . . . . . . . . . Robots Rewired 8 | . . . . . . 1 2 . . 3 . 1 . . . . . . . 1 . . Allies Hacked . | . . . . . . . . . . . . . . . . . . . . . . . Hacks Repelled . | . . . . . . . . . . . . . . . . . . . . . . . Allies | -11 -10 -10 -10 -8 -6 -6 -6 -5 -5 -5 -5 -4 -4 -4 -3 -3 -3 -2 -2 -1 -1 -1 -------- Run | Yrd Mat Min Sub Scr Fac Low Zio Pro Fac Upp Upp Fac Upp Upp Res Qua Sec Res Tes Acc Com Ac0 Total Allies 248 | . . 3 . . . 1 2 . 1 3 . 1 . . . . . 40 . 81 116 . Largest Group 22 | . . 2 1 . . 1 3 3 2 3 . 1 . . . . . 11 . 7 22 . Highest-Rated Group 846 | . . 40 31 . . 85 239 239 153 90 . 47 . . . . . 156 . 105 846 . Highest-Rated Ally 234 | . . 31 31 . . 85 85 85 80 49 . 47 . . . . . 15 . 49 234 . Total Orders 10 | . . . . . . . 4 2 . 3 . . . . . . 1 . . . . . STAY 5 | . . . . . . . 2 1 . 2 . . . . . . . . . . . . FOLLOW 4 | . . . . . . . 2 1 . 1 . . . . . . . . . . . . RETURN 1 | . . . . . . . . . . . . . . . . . 1 . . . . . Ally Attacks 507 | . . 4 3 . . . 8 38 19 4 . 3 . . . . . 83 . 36 309 . Total Damage 16109 | . . 62 61 . . . 169 1706 934 55 . 83 . . . . . 1462 . 655 10922 . Kills 81 | . . . . . . . 3 8 5 1 . . . . . . . 5 . 2 57 . Allies Corrupted 11 | . . . . . . . . . . . . . . . . . . . . . 11 . Allies Melted 1 | . . . . . . . . 1 . . . . . . . . . . . . . . Intel | -11 -10 -10 -10 -8 -6 -6 -6 -5 -5 -5 -5 -4 -4 -4 -3 -3 -3 -2 -2 -1 -1 -1 ------- Run | Yrd Mat Min Sub Scr Fac Low Zio Pro Fac Upp Upp Fac Upp Upp Res Qua Sec Res Tes Acc Com Ac0 Active Infowar (turns) 8725 | 4 1572 966 697 1854 294 207 525 463 348 149 79 279 215 121 244 260 446 . . 2 . . Optics 927 | . . . . . . . . . . . . . . . 221 260 446 . . . . . Sensors 2992 | . . . . . 35 207 522 463 348 149 79 279 215 121 229 238 107 . . . . . Structural 30 | . . . . 30 . . . . . . . . . . . . . . . . . . Seismic 5354 | 4 1572 966 697 1854 261 . . . . . . . . . . . . . . . . . Decoding 2931 | . . . . . . . 327 463 348 149 79 279 215 121 244 260 446 . . . . . T.N.C. 2146 | . . . . . 170 207 525 463 348 149 79 205 . . . . . . . . . . Machine Analysis 2 | . . . . . . . . . . . . . . . . . . . . 2 . . Robot Analysis Total 10 | . 1 . . 9 . . . . . . . . . . . . . . . . . . Derelict Logs Recovered 9 | . . 2 . 1 . 1 . 2 . 1 1 . 1 . . . . . . . . . Drone Launches 1 | . . . . . . . . . . . . . . . . . 1 . . . . . Drone Recoveries 1 | . . . . . . . . . . . . . . . . . 1 . . . . . Decoded 0b10 Intel 60 | . . . . . . . . . 13 . . 8 . . 20 15 4 . . . . . Traps 22 | . . . . . . . . . 6 . . 4 . . 7 3 2 . . . . . Emergency Access 6 | . . . . . . . . . . . . . . . . 5 1 . . . . . Items 7 | . . . . . . . . . . . . . . . 6 . 1 . . . . . Machines 4 | . . . . . . . . . . . . . . . . 4 . . . . . . Garrisons 3 | . . . . . . . . . . . . . . . 2 1 . . . . . . Patrols 9 | . . . . . . . . . 5 . . 2 . . 1 1 . . . . . . Reinforcements 2 | . . . . . . . . . . . . . . . 1 1 . . . . . . Guards 7 | . . . . . . . . . 2 . . 2 . . 3 . . . . . . . Exploration | -11 -10 -10 -10 -8 -6 -6 -6 -5 -5 -5 -5 -4 -4 -4 -3 -3 -3 -2 -2 -1 -1 -1 ------------- Run | Yrd Mat Min Sub Scr Fac Low Zio Pro Fac Upp Upp Fac Upp Upp Res Qua Sec Res Tes Acc Com Ac0 Turns Passed 15474 | 46 1572 966 697 1865 294 207 525 463 348 149 79 279 215 121 244 260 665 880 801 1715 2401 682 Spaces Moved 22436 | 41 761 513 419 1662 733 420 951 434 565 340 201 482 492 294 429 725 1494 1625 854 2771 4419 1811 Core 117 | 41 76 . . . . . . . . . . . . . . . . . . . . . Treads 2284 | . 685 513 419 667 . . . . . . . . . . . . . . . . . . Legs 11901 | . . . . . . . . . . . . . . . . . 421 1625 854 2771 4419 1811 Wheels . | . . . . . . . . . . . . . . . . . . . . . . . Hover . | . . . . . . . . . . . . . . . . . . . . . . . Flight 7932 | . . . . 995 733 420 951 434 565 340 201 482 492 294 429 725 871 . . . . . Fastest Speed 22 | 50 50 160 160 37 27 29 29 29 28 31 31 28 30 32 25 25 22 30 30 30 30 30 Average Speed 43 | 50 149 160 160 86 29 29 29 29 39 31 31 29 31 32 31 25 30 30 30 30 30 30 Slowest Speed 160 | 50 160 160 160 160 31 29 29 29 106 31 31 31 32 32 32 25 111 30 30 30 30 30 Overloaded Moves . | . . . . . . . . . . . . . . . . . . . . . . . Propulsion Burnouts . | . . . . . . . . . . . . . . . . . . . . . . . Robots Hopped 31 | . . . . . 3 2 4 . 1 . . 4 . . 9 2 5 1 . . . . Potential Cave-ins 2 | . . . . . . . . . . . . . . . . . . . . 2 . . Cave-ins Triggered . | . . . . . . . . . . . . . . . . . . . . . . . Teleports 4 | . . . . . . . . . . . . . . . . . 1 . . . 1 2 Microwarps 8 | . . . . . . . . . . . . . . . . . 8 . . . . . Exploration Rate (%) 53 | 3 96 93 20 83 28 44 79 61 18 64 20 17 71 22 16 66 80 44 82 58 83 82 Regions Visited 22 Branch Regions 15 Pre-discovered Areas 12 | . 4 2 . 3 . . 1 . . 1 . . 1 . . . . . . . . . Known Exits Taken 18 | . 1 1 . 1 1 1 1 1 1 1 1 1 1 1 1 1 1 . 1 1 . . Unknown Exits Taken 4 | 1 . . 1 . . . . . . . . . . . . . . 1 . . 1 . Scrap Searched 19 | . . 2 7 2 . . 2 2 . . 1 . 2 1 . . . . . . . . Spaces Dug 351 | . 1 . . . 8 1 . 3 3 1 17 22 3 6 4 3 34 50 57 90 31 17 Terrain Destroyed 5006 | . 6 . 7 . 20 1 . 3 48 1 36 71 17 6 4 3 53 667 474 1002 2063 524 Melee 44 | . 1 . . . 8 1 . 3 3 1 . 10 3 6 4 3 1 . . . . . Projectile 3808 | . . . . . . . . . . . . . . . . . 52 667 474 889 1202 524 AOE 1153 | . 5 . 7 . 12 . . . 45 . 36 61 14 . . . . . . 113 860 . Terrain Rammed . | . . . . . . . . . . . . . . . . . . . . . . . Walls Destroyed . | . . . . . . . . . . . . . . . . . . . . . . . Machines Disabled . | . . . . . . . . . . . . . . . . . . . . . . . Actions | -11 -10 -10 -10 -8 -6 -6 -6 -5 -5 -5 -5 -4 -4 -4 -3 -3 -3 -2 -2 -1 -1 -1 --------- Run | Yrd Mat Min Sub Scr Fac Low Zio Pro Fac Upp Upp Fac Upp Upp Res Qua Sec Res Tes Acc Com Ac0 Total 26722 | 57 1085 601 435 2088 781 499 1194 742 662 371 209 549 537 305 511 772 1485 1938 1268 3382 5299 1952 Wait 2525 | . 235 34 . 389 6 77 220 295 62 15 . . 30 1 68 5 63 108 255 265 397 . Move 22165 | 40 760 512 418 1661 727 415 944 433 562 339 200 473 491 293 413 720 1291 1622 853 2770 4418 1810 Hop 24 | . . . . . 2 2 2 . 1 . . 4 . . 6 2 4 1 . . . . Pick Up 82 | 6 9 12 2 5 4 . 1 . 1 . . 2 3 . 4 6 9 . 2 2 5 9 Fast Attach 169 | 3 3 . . 4 11 . 6 . 6 . . 8 1 2 4 10 23 30 9 14 22 13 Attach 43 | 1 3 . . 2 4 1 1 . 2 1 . 4 1 . 3 1 10 . . . 6 3 Detach 64 | . . . . 1 5 1 2 . 1 . 1 6 3 . . . 12 6 3 8 11 4 Swap 74 | . 15 2 5 4 3 . . . 6 5 2 6 1 1 1 2 2 2 1 4 8 4 Drop 169 | . 3 8 3 20 3 . 5 . 7 . . 10 . 1 4 12 22 20 6 6 21 18 Fire 1175 | 7 35 31 7 . 4 1 1 . 2 4 6 2 2 . . . 22 147 132 291 390 91 Melee 161 | . 20 . . 2 12 1 . 14 12 7 . 34 5 7 8 14 25 . . . . . Ram . | . . . . . . . . . . . . . . . . . . . . . . . Kick 21 | . . . . . . . . . . . . . . . . . 2 2 7 6 4 . Crush 4 | . 2 2 . . . . . . . . . . . . . . . . . . . . Escape Stasis 23 | . . . . . . . . . . . . . . . . . . . . 13 10 . Rewire 23 | . . . . . . 1 12 . . . . . . . . . . . . 3 7 . Trap . | . . . . . . . . . . . . . . . . . . . . . . . Miscellaneous . | . . . . . . . . . . . . . . . . . . . . . . . Route ------- -11/Scrapyard -10/Materials (discovered 5 exits: *Mat x3 / *Min / *Sub) -10/Mines (discovered 4 exits: *Mat x2 / Exi / *Sub) -10/Subcaves -8/Scraptown (discovered 2 exits: *Fac x2) -6/Factory (discovered 5 exits: *Fac x3 / *Low x2) -6/Lower Caves (discovered 2 exits: Low / *Zio) -6/Zion -5/Proximity Caves -5/Factory (discovered 2 exits: Fac / *Upp) -5/Upper Caves -5/Upper Caves -4/Factory (discovered 2 exits: *Upp / Arm) -4/Upper Caves -4/Upper Caves -3/Research (discovered 3 exits: *Res x2 / *Qua) -3/Quarantine (discovered 3 exits: *Res / *Sec / [*Frg]) -3/Section 7 -2/Research (discovered 5 exits: *Acc x3 / [*Tes x2]) -2/Testing -1/Access -1/Command (discovered 3 exits: [Sur x2] / *Ac0) -1/Access_0 To Fleet Rendezvous History --------- Turn | Location | Event 5 | -11/Scrapyard | Discovered new exit (range 15) 47 | -11/Scrapyard | Entered Materials 175 | -10/Materials | Discovered new exit (range 7) 309 | -10/Materials | Build established: Mutant 320 | -10/Materials | Discovered new exit (range 3) 441 | -10/Materials | Discovered new exit (range 8) 616 | -10/Materials | Discovered new exit (range 12) 624 | -10/Materials | Discovered new exit (range 12) 773 | -10/Materials | Learned Storage non-interactive machine intel 823 | -10/Materials | Learned location of Storage (-8) 889 | -10/Materials | Learned location of 1 exit from Recycling 906 | -10/Materials | Learned location of 2 exits from Mines 916 | -10/Materials | Learned Storage trap positions 921 | -10/Materials | Identified exit to Materials 921 | -10/Materials | Identified exit to Mines 921 | -10/Materials | Identified exit to Subcaves 963 | -10/Materials | Learned location of Subcaves (-10) 1008 | -10/Materials | Repaired Lgt. Treads 1247 | -10/Materials | Derelicts attacked the area 1619 | -10/Materials | Entered Mines 1621 | -10/Mines | Identified exit to Exiles 1690 | -10/Mines | Learned location of Recycling (-8) 1927 | -10/Mines | Learned location of Zion (-6) 2123 | -10/Mines | Met a Derelict shopkeep closing up shop 2127 | -10/Mines | Core integrity fell below 50% 2545 | -10/Mines | Received a Mining Laser from a helpful Derelict 2585 | -10/Mines | Entered Subcaves 2585 | -10/Subcaves | Accompanied by 1 ally 2586 | -10/Subcaves | Approached by a straggling Scientist 2633 | -10/Subcaves | Disturbed a concealed Subdweller 2746 | -10/Subcaves | Scientist uncovered a shortcut to Scraptown 2765 | -10/Subcaves | Shifting Twisted Machinery released Sub. Monowheel 2803 | -10/Subcaves | Shifting Twisted Machinery released Sub. Laser 2908 | -10/Subcaves | Disturbed a concealed Subdweller 3282 | -10/Subcaves | Entered Scraptown 3282 | -8/Scraptown | System corruption cleaned by C-Scrubber 3567 | -8/Scraptown | Discovered new exit (range 11) 3630 | -8/Scraptown | Scanned Subdweller tech in exchange for log data 3634 | -8/Scraptown | Learned Research stockpile data 3683 | -8/Scraptown | Visited Cave Peace 3702 | -8/Scraptown | Visited TADAMA 3725 | -8/Scraptown | Visited UFD Registry 3725 | -8/Scraptown | Registered with UFD as "Cargotorch" 3779 | -8/Scraptown | Visited SPCMW 3811 | -8/Scraptown | Visited Cyclists 3824 | -8/Scraptown | Entered Cyclist Reading Room 4054 | -8/Scraptown | Visited Chapter 10 4115 | -8/Scraptown | Visited Science Guys 4166 | -8/Scraptown | Visited Research Penetration Think Tank 4216 | -8/Scraptown | Visited Analyses Database 4251 | -8/Scraptown | Visited Sword Containment 4278 | -8/Scraptown | Visited Curators Association 4336 | -8/Scraptown | Visited Cartography Club 4382 | -8/Scraptown | Learned location of Lower Caves (-6) 4382 | -8/Scraptown | Learned location of Archives (-4) 4382 | -8/Scraptown | Learned 8 Materials zone layouts 4382 | -8/Scraptown | Learned 8 Research zone layouts 4382 | -8/Scraptown | Learned 12 Research zone layouts 4382 | -8/Scraptown | Learned 16 Research zone layouts 4382 | -8/Scraptown | Learned 4 Mines zone layouts 4382 | -8/Scraptown | Learned 8 Lower Caves zone layouts 4382 | -8/Scraptown | Learned 20 Upper Caves zone layouts 4382 | -8/Scraptown | Learned 12 Proximity Caves zone layouts 4382 | -8/Scraptown | Learned 24 Proximity Caves zone layouts 4382 | -8/Scraptown | Learned 4 Armory zone layouts 4382 | -8/Scraptown | Learned location of 2 exits from Factory 4382 | -8/Scraptown | Learned location of 1 exit from Lower Caves 4382 | -8/Scraptown | Learned location of 2 exits from Lower Caves 4382 | -8/Scraptown | Identified exit to Factory 4391 | -8/Scraptown | Found Deep Structural Scanner 4562 | -8/Scraptown | Visited Junk Repository 4702 | -8/Scraptown | Met Optimus 4702 | -8/Scraptown | Accepted into 0bPrime 5102 | -8/Scraptown | Civil war broke out across Scraptown 5106 | -8/Scraptown | Found System Spiker 5147 | -8/Scraptown | Entered Factory 5147 | -6/Factory | Evolved 8 slots: Propulsion x3, Utility x5 5148 | -6/Factory | Identified exit to Factory 5159 | -6/Factory | Loaded intel: 8 recycling unit locations 5164 | -6/Factory | Lost 4 allies 5327 | -6/Factory | Garrison activated, responded to threat 5374 | -6/Factory | Discovered exit to Factory (range 9) 5403 | -6/Factory | Identified exit to Lower Caves 5441 | -6/Factory | Entered Lower Caves 5442 | -6/Lower Caves | Identified exit to Lower Caves 5453 | -6/Lower Caves | Spotted B-75 Beast 5476 | -6/Lower Caves | Rewired B-75 Beast 5501 | -6/Lower Caves | A Derelict revealed a hidden shortcut to a safe place 5518 | -6/Lower Caves | Learned 4 Factory zone layouts 5628 | -6/Lower Caves | Identified exit to Zion 5648 | -6/Lower Caves | Entered Zion 5648 | -6/Zion | Accompanied by 1 ally 5649 | -6/Zion | Identified exit to Proximity Caves 5698 | -6/Zion | System corruption cleaned by Quarantine Array 5722 | -6/Zion | Build established: Scout 5755 | -6/Zion | Found Prototype Device 5755 | -6/Zion | Identified Phasing AFG 5767 | -6/Zion | Learned Factory emergency access door positions 5795 | -6/Zion | Given the Hacking Drone Bay 5796 | -6/Zion | Found Prototype Device 6054 | -6/Zion | Found Prototype Device 6054 | -6/Zion | Identified Bomb Factory No. 2 6075 | -6/Zion | Attacked by Zionites 6076 | -6/Zion | Spotted 61-T4K(B) 6076 | -6/Zion | Spotted RG-QIT(B) 6081 | -6/Zion | Rewired 61-T4K(B) 6091 | -6/Zion | Rewired RG-QIT(B) 6173 | -6/Zion | Entered Proximity Caves 6173 | -5/Proximity Caves | Accompanied by 3 allies 6374 | -5/Proximity Caves | Learned Factory stockpile data 6541 | -5/Proximity Caves | Spotted B-75 Beast 6580 | -5/Proximity Caves | Allies destroyed B-75 Beast 6636 | -5/Proximity Caves | Entered Factory 6636 | -5/Factory | Accompanied by 2 allies 6636 | -5/Factory | Evolved 2 slots: Power x1, Utility x1 6637 | -5/Factory | Identified exit to Factory 6643 | -5/Factory | Identified Hacking Drone Bay 6936 | -5/Factory | First assault squad dispatched 6972 | -5/Factory | Discovered new exit (range 7) 6976 | -5/Factory | Identified exit to Upper Caves 6984 | -5/Factory | Entered Upper Caves 6985 | -5/Upper Caves | Identified exit to Upper Caves 6986 | -5/Upper Caves | Attracted the attention of an 0b10 checkpoint 6987 | -5/Upper Caves | System corruption reached 10% 7023 | -5/Upper Caves | Entered an active Warlord outpost 7025 | -5/Upper Caves | Learned Research emergency access door positions 7025 | -5/Upper Caves | Learned Armory emergency access door positions 7025 | -5/Upper Caves | Learned Factory security intel 7075 | -5/Upper Caves | Attracted the attention of an 0b10 outpost 7075 | -5/Upper Caves | System corruption reached 30% 7133 | -5/Upper Caves | Entered another Upper Caves area 7140 | -5/Upper Caves | Learned Factory emergency access door positions 7210 | -5/Upper Caves | Discovered exit to Factory (range 8) 7212 | -5/Upper Caves | Entered Factory 7212 | -4/Factory | Evolved 2 slots: Propulsion x1, Utility x1 7213 | -4/Factory | Identified exit to Upper Caves 7213 | -4/Factory | Identified exit to Armory 7491 | -4/Factory | Entered Upper Caves 7535 | -4/Upper Caves | Encountered a Warlord checkpoint 7569 | -4/Upper Caves | Learned location of Quarantine (-3) 7645 | -4/Upper Caves | Spotted B-86 Titan 7659 | -4/Upper Caves | Build established: Sprinter 7666 | -4/Upper Caves | Found Alien Artifact 7703 | -4/Upper Caves | Discovered new exit (range 9) 7705 | -4/Upper Caves | Identified exit to Upper Caves 7706 | -4/Upper Caves | Entered another Upper Caves area 7737 | -4/Upper Caves | Found Alien Artifact 7737 | -4/Upper Caves | Identified Core Expander 7737 | -4/Upper Caves | Installed Core Expander, added new Power slot 7756 | -4/Upper Caves | Encountered a Warlord checkpoint 7824 | -4/Upper Caves | Discovered new exit (range 8) 7825 | -4/Upper Caves | Attracted the attention of an 0b10 checkpoint 7827 | -4/Upper Caves | Identified exit to Research 7827 | -4/Upper Caves | Entered Research 7827 | -3/Research | Evolved 2 slots: Propulsion x1, Utility x1 7828 | -3/Research | Identified exit to Research 7850 | -3/Research | Found Prototype Processor 7850 | -3/Research | Identified Spectral Analyzer 7851 | -3/Research | Found Prototype Launcher 7851 | -3/Research | Identified Mni. Smartbomb Launcher 7855 | -3/Research | Found Mni. Smartbomb Launcher 8055 | -3/Research | Spotted B-90 Cyclops 8068 | -3/Research | Discovered new exit (range 15) 8071 | -3/Research | Identified exit to Quarantine 8071 | -3/Research | Entered Quarantine 8105 | -3/Quarantine | Found Alien Artifact 8179 | -3/Quarantine | Found Prototype Device 8179 | -3/Quarantine | Identified Exp. EM Disruption Field 8237 | -3/Quarantine | Found Alien Artifact 8237 | -3/Quarantine | Identified Core Reset Matrix 8237 | -3/Quarantine | Identified Dimensional Node Initializer 8237 | -3/Quarantine | Identified Hpw. Transdimensional Reconstructor 8237 | -3/Quarantine | Used Core Reset Matrix 8241 | -3/Quarantine | Detected hypermatrix surge 8241 | -3/Quarantine | Sensed 13 artifacts in vicinity 8257 | -3/Quarantine | Discovered exit to Research (range 15) 8267 | -3/Quarantine | Spotted Alpha 7 8275 | -3/Quarantine | Found Sigix Terminator 8292 | -3/Quarantine | Found Subatomic Replicator 8312 | -3/Quarantine | Spotted Fortress 8329 | -3/Quarantine | Discovered new exit (range 5) 8329 | -3/Quarantine | Discovered new exit (range 6) 8330 | -3/Quarantine | Identified exit to Section 7 8331 | -3/Quarantine | Entered Section 7 8332 | -3/Section 7 | Detected hypermatrix surge 8332 | -3/Section 7 | Sensed 23 artifacts in vicinity 8375 | -3/Section 7 | Found Microwarp Drive 8418 | -3/Section 7 | Discovered exit to Research (range 11) 8421 | -3/Section 7 | Spotted S7 Guard 8426 | -3/Section 7 | Found Core Membrane 8426 | -3/Section 7 | Installed Core Membrane, gained immunity to corruption 8456 | -3/Section 7 | Found Integrated Reactor 8456 | -3/Section 7 | Installed Integrated Reactor, increased core energy generation (+10) 8466 | -3/Section 7 | Spotted B-86 Titan 8500 | -3/Section 7 | Spotted Executioner 8500 | -3/Section 7 | Spotted Executioner 8501 | -3/Section 7 | Lost 4 parts (3n1u) 8506 | -3/Section 7 | Spotted Alpha 7 8510 | -3/Section 7 | Spotted B-99 Colossus 8527 | -3/Section 7 | Found Core Expander 8529 | -3/Section 7 | Found Core Expander 8531 | -3/Section 7 | Found Core Expander 8533 | -3/Section 7 | Initialized slip node 8544 | -3/Section 7 | Found LRC Insulator 8544 | -3/Section 7 | Installed LRC Insulator, 1 resistance modified: EM +25% 8549 | -3/Section 7 | Found LRC Insulator 8549 | -3/Section 7 | Installed LRC Insulator, 1 resistance modified: EM +25% 8584 | -3/Section 7 | Spotted Striker 8594 | -3/Section 7 | Found Transdimensional Reconstructor 8596 | -3/Section 7 | Found Transdimensional Reconstructor 8596 | -3/Section 7 | Warped through subspace to slip node 8624 | -3/Section 7 | Spotted Executioner 8624 | -3/Section 7 | Spotted Executioner 8647 | -3/Section 7 | Spotted Striker 8725 | -3/Section 7 | Spotted Striker 8725 | -3/Section 7 | Spotted Striker 8726 | -3/Section 7 | Found Sigix Shearcannon 8777 | -3/Section 7 | Integrated with Sigix Exoskeleton 8780 | -3/Section 7 | Used Subatomic Replicator to replicate Core Expander 8782 | -3/Section 7 | Installed Core Expander, added new Propulsion slot 8784 | -3/Section 7 | Installed Core Expander, added new Weapon slot 8786 | -3/Section 7 | Installed Core Expander, added new Propulsion slot 8788 | -3/Section 7 | Installed Core Expander, added new Weapon slot 8813 | -3/Section 7 | Destroyed Executioner 8819 | -3/Section 7 | Destroyed Executioner 8821 | -3/Section 7 | Found Prototype Processor 8821 | -3/Section 7 | Identified Exp. Core Analyzer 8823 | -3/Section 7 | Found Exp. Core Analyzer 8933 | -3/Section 7 | Found Integrity Redistributor 8985 | -3/Section 7 | Spotted S7 Guard 8990 | -3/Section 7 | Found Core Physics Calibrator 8996 | -3/Section 7 | Entered Research 8996 | -2/Research | Evolved 2 slots (calibrated): -Propulsion x2, Utility x6, -Weapon x2 9001 | -2/Research | Emitted hypermatrix ping 9006 | -2/Research | Assembled emerged from beneath the floor 9034 | -2/Research | Assembled emerged from beneath the floor 9090 | -2/Research | Build established: Alien-Sigix 9105 | -2/Research | Spotted B-90 Cyclops 9111 | -2/Research | Destroyed B-90 Cyclops 9125 | -2/Research | Found Unknown Device 9125 | -2/Research | Identified Quantum Capacitor 9131 | -2/Research | Spotted Executioner 9132 | -2/Research | Destroyed Executioner 9136 | -2/Research | Found Prototype Processor 9136 | -2/Research | Identified Exp. Targeting Computer 9155 | -2/Research | Destroyed 13 combat bots 9164 | -2/Research | Found Exp. Core Analyzer 9204 | -2/Research | Lost 5 allies 9238 | -2/Research | Destroyed 18 combat bots 9267 | -2/Research | Discovered new exit (range 17) 9287 | -2/Research | Identified exit to Access 9300 | -2/Research | Assembled emerged from beneath the floor 9306 | -2/Research | Destroyed 10 combat bots 9398 | -2/Research | Spotted Executioner 9398 | -2/Research | Spotted Striker 9401 | -2/Research | Destroyed 11 combat bots 9401 | -2/Research | Destroyed Executioner 9402 | -2/Research | Destroyed Striker 9429 | -2/Research | Spotted Striker 9438 | -2/Research | Destroyed Striker 9441 | -2/Research | Found Prototype Device 9441 | -2/Research | Identified Adv. Kinecellerator 9478 | -2/Research | Assembled emerged from beneath the floor 9625 | -2/Research | Assembled emerged from beneath the floor 9632 | -2/Research | Destroyed 49 combat bots 9642 | -2/Research | Discovered exit to Access (range 18) 9694 | -2/Research | Discovered exit to Access (range 17) 9702 | -2/Research | Lost 3 allies 9726 | -2/Research | Sterilization system engaged 9726 | -2/Research | Non-combat units ordered to evacuate 9728 | -2/Research | Destroyed 21 combat bots 9765 | -2/Research | Assembled emerged from beneath the floor 9781 | -2/Research | Spotted B-90 Cyclops 9808 | -2/Research | Discovered new exit (range 16) 9826 | -2/Research | Combat units ordered to evacuate 9836 | -2/Research | Discovered new exit (range 16) 9876 | -2/Research | Entered Testing 9909 | -2/Testing | Found Prototype Device 9909 | -2/Testing | Identified Exp. Hardlight Generator 9920 | -2/Testing | Found Prototype Hackware 9920 | -2/Testing | Identified System Mapper 9948 | -2/Testing | Found Prototype Energy Cannon 10056 | -2/Testing | Spotted Striker 10056 | -2/Testing | Spotted Striker 10058 | -2/Testing | Destroyed Striker 10060 | -2/Testing | Destroyed Striker 10085 | -2/Testing | Found Prototype Hackware 10085 | -2/Testing | Identified Ghost Barrier 10095 | -2/Testing | Destroyed 9 combat bots 10103 | -2/Testing | Found Prototype Hackware 10103 | -2/Testing | Identified Exp. Hacking Suite 10137 | -2/Testing | Discovered exit to Access (range 17) 10213 | -2/Testing | Spotted Investigator 10223 | -2/Testing | Destroyed Investigator 10277 | -2/Testing | Destroyed 14 combat bots 10302 | -2/Testing | Spotted Executioner 10302 | -2/Testing | Destroyed Executioner 10304 | -2/Testing | Spotted Executioner 10356 | -2/Testing | Destroyed Executioner 10364 | -2/Testing | Found Exp. Targeting Computer 10379 | -2/Testing | Destroyed 14 combat bots 10392 | -2/Testing | Spotted Striker 10392 | -2/Testing | Spotted Executioner 10399 | -2/Testing | Destroyed Striker 10401 | -2/Testing | Destroyed Executioner 10522 | -2/Testing | Spotted Striker 10524 | -2/Testing | Spotted Executioner 10525 | -2/Testing | Destroyed Executioner 10529 | -2/Testing | Destroyed Executioner 10534 | -2/Testing | Destroyed Striker 10542 | -2/Testing | Destroyed Executioner 10551 | -2/Testing | Spotted Investigator 10596 | -2/Testing | Destroyed 73 combat bots 10623 | -2/Testing | Sterilization system engaged 10623 | -2/Testing | Non-combat units ordered to evacuate 10649 | -2/Testing | Sigix Exoskeleton integrity reduced to 80% 10677 | -2/Testing | Entered Access 10677 | -1/Access | Evolved 2 slots: Utility x2 10680 | -1/Access | Destroyed 9 combat bots 10682 | -1/Access | Emitted hypermatrix ping 10687 | -1/Access | Assembled emerged from beneath the floor 10751 | -1/Access | Assembled emerged from beneath the floor 10803 | -1/Access | Identified exit to Command 10887 | -1/Access | Assembled emerged from beneath the floor 10888 | -1/Access | Garrison activated, responded to threat 10935 | -1/Access | Destroyed 27 combat bots 10955 | -1/Access | Assembled emerged from beneath the floor 11031 | -1/Access | Scanned by Researcher 11040 | -1/Access | Spotted Investigator 11051 | -1/Access | Destroyed Investigator 11068 | -1/Access | Spotted Striker 11068 | -1/Access | Spotted Striker 11068 | -1/Access | Spotted Executioner 11076 | -1/Access | Destroyed Striker 11085 | -1/Access | Destroyed Striker 11092 | -1/Access | Destroyed Executioner 11120 | -1/Access | Destroyed 53 combat bots 11218 | -1/Access | Build established: Wizard-Sigix 11236 | -1/Access | Spotted B-99 Colossus 11320 | -1/Access | Assembled emerged from beneath the floor 11392 | -1/Access | Assembled emerged from beneath the floor 11403 | -1/Access | Destroyed 8 combat bots 11452 | -1/Access | Spotted Executioner 11452 | -1/Access | Spotted Executioner 11452 | -1/Access | Spotted Executioner 11469 | -1/Access | Destroyed Executioner 11469 | -1/Access | Destroyed Executioner 11471 | -1/Access | Destroyed Executioner 11475 | -1/Access | Found Exp. Targeting Computer 11478 | -1/Access | Spotted Striker 11484 | -1/Access | Destroyed Striker 11493 | -1/Access | Spotted Executioner 11493 | -1/Access | Spotted Striker 11493 | -1/Access | Spotted Executioner 11499 | -1/Access | Found Exp. Targeting Computer 11509 | -1/Access | Destroyed Executioner 11511 | -1/Access | Destroyed Executioner 11513 | -1/Access | Destroyed Striker 11517 | -1/Access | Found Exp. Core Analyzer 11521 | -1/Access | Found Exp. Targeting Computer 11534 | -1/Access | Sterilization system engaged 11560 | -1/Access | Build established: Alien-Sigix 11564 | -1/Access | Destroyed Executioner 11598 | -1/Access | Spotted Executioner 11598 | -1/Access | Spotted Striker 11598 | -1/Access | Destroyed Striker 11600 | -1/Access | Destroyed Executioner 11604 | -1/Access | Spotted Striker 11604 | -1/Access | Spotted Striker 11607 | -1/Access | Destroyed Striker 11609 | -1/Access | Destroyed Striker 11642 | -1/Access | Spotted Striker 11643 | -1/Access | Destroyed 45 combat bots 11646 | -1/Access | Spotted Executioner 11646 | -1/Access | Spotted Striker 11647 | -1/Access | Spotted Striker 11647 | -1/Access | Spotted Executioner 11652 | -1/Access | Destroyed Executioner 11652 | -1/Access | Destroyed Executioner 11654 | -1/Access | Sigix Exoskeleton integrity reduced to 60% 11656 | -1/Access | Destroyed Striker 11659 | -1/Access | Destroyed Striker 11685 | -1/Access | Destroyed 13 combat bots 11696 | -1/Access | Spotted Striker 11696 | -1/Access | Spotted Executioner 11698 | -1/Access | Spotted Executioner 11700 | -1/Access | Destroyed Striker 11704 | -1/Access | Destroyed Executioner 11705 | -1/Access | Spotted Executioner 11706 | -1/Access | Destroyed Executioner 11710 | -1/Access | Spotted Striker 11711 | -1/Access | Spotted Striker 11720 | -1/Access | Destroyed Striker 11722 | -1/Access | Destroyed Striker 11724 | -1/Access | Destroyed Executioner 11745 | -1/Access | Destroyed 14 combat bots 11757 | -1/Access | Spotted Striker 11761 | -1/Access | Destroyed Striker 11779 | -1/Access | Spotted Executioner 11779 | -1/Access | Spotted Striker 11782 | -1/Access | Destroyed Striker 11782 | -1/Access | Destroyed Executioner 11807 | -1/Access | Destroyed 16 combat bots 11813 | -1/Access | Spotted Striker 11815 | -1/Access | Destroyed Striker 11834 | -1/Access | Ambient heat levels rising (+10) 11836 | -1/Access | Spotted Striker 11836 | -1/Access | Spotted Executioner 11836 | -1/Access | Spotted Executioner 11836 | -1/Access | Destroyed Striker 11838 | -1/Access | Destroyed Executioner 11841 | -1/Access | Destroyed Executioner 11889 | -1/Access | Destroyed 15 combat bots 11947 | -1/Access | Assembled emerged from beneath the floor 11962 | -1/Access | Assembled emerged from beneath the floor 11984 | -1/Access | Ambient heat levels rising (+10) 12033 | -1/Access | Destroyed 12 combat bots 12084 | -1/Access | Assembled emerged from beneath the floor 12098 | -1/Access | Destroyed 8 combat bots 12119 | -1/Access | Energy Cycler disabled 12134 | -1/Access | Ambient heat levels rising (+10) 12151 | -1/Access | Spotted B-99 Colossus 12165 | -1/Access | Assembled emerged from beneath the floor 12251 | -1/Access | Assembled emerged from beneath the floor 12266 | -1/Access | Assembled emerged from beneath the floor 12284 | -1/Access | Ambient heat levels rising (+10) 12321 | -1/Access | Destroyed 8 combat bots 12333 | -1/Access | Spotted Executioner 12373 | -1/Access | Spotted Striker 12392 | -1/Access | Entered Command 12397 | -1/Command | Emitted hypermatrix ping 12402 | -1/Command | Assembled emerged from beneath the floor 12404 | -1/Command | High security lockdown imminent 12417 | -1/Command | Disengaged cave seal 12434 | -1/Command | Fired Sigix Terminator 12434 | -1/Command | MAIN.C activated Command garrisons 12451 | -1/Command | Assembled emerged from beneath the floor 12455 | -1/Command | Destroyed 172 combat bots 12464 | -1/Command | Discovered new exit (range 16) 12504 | -1/Command | Assembled emerged from beneath the floor 12528 | -1/Command | Disengaged cave seal 12587 | -1/Command | Core integrity fell below 50% 12595 | -1/Command | Spotted B-99 Colossus 12626 | -1/Command | Destroyed B-99 Colossus 12704 | -1/Command | Lost 11 allies 12815 | -1/Command | Spotted Striker 12816 | -1/Command | Spotted Alpha 7 12827 | -1/Command | Destroyed Striker 12837 | -1/Command | Lost 7 allies 12840 | -1/Command | Destroyed Alpha 7 12879 | -1/Command | Destroyed 91 combat bots 12880 | -1/Command | Spotted Alpha 7 12889 | -1/Command | Assembled emerged from beneath the floor 12915 | -1/Command | Spotted Executioner 12918 | -1/Command | Destroyed Executioner 12940 | -1/Command | Destroyed Alpha 7 12963 | -1/Command | Spotted B-99 Colossus 12968 | -1/Command | Destroyed B-99 Colossus 13025 | -1/Command | Destroyed 14 combat bots 13131 | -1/Command | Destroyed 14 combat bots 13341 | -1/Command | Destroyed 22 combat bots 13406 | -1/Command | Assembled emerged from beneath the floor 13497 | -1/Command | Assembled emerged from beneath the floor 13554 | -1/Command | Phase Generator disabled 13579 | -1/Command | Assembled emerged from beneath the floor 13644 | -1/Command | Spotted Executioner 13644 | -1/Command | Destroyed Executioner 13665 | -1/Command | Destroyed 33 combat bots 13666 | -1/Command | Spotted Striker 13666 | -1/Command | Destroyed Striker 13693 | -1/Command | Spotted Executioner 13694 | -1/Command | Destroyed Executioner 13716 | -1/Command | Spotted B-99 Colossus 13718 | -1/Command | Destroyed B-99 Colossus 13759 | -1/Command | Spotted Executioner 13761 | -1/Command | Destroyed Executioner 13853 | -1/Command | Destroyed 11 combat bots 13937 | -1/Command | Destroyed 8 combat bots 13945 | -1/Command | Spotted Combat Programmer 13945 | -1/Command | Spotted M Guard 13945 | -1/Command | Spotted Combat Programmer 13972 | -1/Command | Spotted M Guard 13978 | -1/Command | Destroyed Combat Programmer 13979 | -1/Command | Destroyed Combat Programmer 14026 | -1/Command | Destroyed M Guard 14037 | -1/Command | Destroyed M Guard 14037 | -1/Command | All MAIN.C guards destroyed 14044 | -1/Command | Found Prototype Energy Cannon 14044 | -1/Command | Identified Cld. Nova Cannon 14053 | -1/Command | Found Prototype Reactor 14053 | -1/Command | Identified Zero-point Reactor 14057 | -1/Command | Found Exp. Targeting Computer 14062 | -1/Command | Found Prototype Device 14062 | -1/Command | Identified Thermal Barrier 14065 | -1/Command | Found Prototype Device 14065 | -1/Command | Identified AEGIS Remote Shield 14079 | -1/Command | Found Exp. Targeting Computer 14102 | -1/Command | 0b10 Conduit disabled 14109 | -1/Command | MAIN.C's shell transforms into a squad of autonomous robots 14109 | -1/Command | Destroyed MAIN.C Shell 14109 | -1/Command | Spotted M Shell/Atk 14133 | -1/Command | Destroyed MAIN.C 14135 | -1/Command | Identified Potential Cannon 14135 | -1/Command | Discovered new exit (range 73) 14135 | -1/Command | Discovered new exit (range 69) 14135 | -1/Command | Extracted map data and part IDs from MAIN.C's data core 14188 | -1/Command | Spotted M Shell/Atk 14190 | -1/Command | Spotted M Shell/Atk 14192 | -1/Command | Destroyed M Shell/Atk 14192 | -1/Command | Destroyed M Shell/Atk 14196 | -1/Command | Spotted M Shell/Def 14198 | -1/Command | Destroyed M Shell/Def 14200 | -1/Command | Spotted M Shell/Def 14204 | -1/Command | Destroyed M Shell/Def 14218 | -1/Command | Spotted B-99 Colossus 14225 | -1/Command | Destroyed B-99 Colossus 14250 | -1/Command | Destroyed 7 combat bots 14273 | -1/Command | Found Exp. Weapon Cycler 14376 | -1/Command | Found AEGIS Remote Shield 14379 | -1/Command | Found Zero-point Reactor 14405 | -1/Command | Found Quantum Capacitor 14437 | -1/Command | Found Exp. Core Analyzer 14790 | -1/Command | Warped through subspace to slip node 14790 | -1/Command | Discovered new exit (range 5) 14793 | -1/Command | Entered Access_0 14794 | -1/Access_0 | Sensed 3 artifacts in vicinity 14794 | -1/Access_0 | Met Architect 14795 | -1/Access_0 | Architect warped through subspace 14798 | -1/Access_0 | Destroyed A8 14829 | -1/Access_0 | Architect warped through subspace 14850 | -1/Access_0 | Architect warped through subspace 14854 | -1/Access_0 | Found Core Regenerator 14854 | -1/Access_0 | Used Core Regenerator, restored core integrity (+400) 14869 | -1/Access_0 | Architect warped through subspace 14875 | -1/Access_0 | A6 warped into view 14882 | -1/Access_0 | Destroyed A6 14891 | -1/Access_0 | Subspace Access Node disabled 14899 | -1/Access_0 | Architect warped through subspace 14914 | -1/Access_0 | Found Exp. Phase Shifter 14921 | -1/Access_0 | Destroyed A2 14922 | -1/Access_0 | Extracted Singularity Gate Test 138-C access codes from A2's data core 14941 | -1/Access_0 | Started Test 138-B, establishing a local singularity 14941 | -1/Access_0 | Singularity Gate disabled 14942 | -1/Access_0 | A5 warped into view 14950 | -1/Access_0 | Architect warped through subspace 14951 | -1/Access_0 | Singularity Gate disabled 14957 | -1/Access_0 | Destroyed A5 14994 | -1/Access_0 | Architect warped through subspace 15021 | -1/Access_0 | Architect warped through subspace 15028 | -1/Access_0 | Subspace Access Node disabled 15039 | -1/Access_0 | Architect warped through subspace 15042 | -1/Access_0 | Subspace Access Node disabled 15056 | -1/Access_0 | Subspace Access Node disabled 15057 | -1/Access_0 | A4 warped into view 15064 | -1/Access_0 | Destroyed A4 15077 | -1/Access_0 | Destroyed Architect 15078 | -1/Access_0 | Extracted unknown sensor trigger ID from Architect's data core 15080 | -1/Access_0 | Found Prototype Hackware 15080 | -1/Access_0 | Identified Architect God Chip A 15082 | -1/Access_0 | Found Prototype Hackware 15082 | -1/Access_0 | Identified Architect God Chip D 15086 | -1/Access_0 | Found Hpw. Transdimensional Reconstructor 15195 | -1/Access_0 | Found Prototype Device 15195 | -1/Access_0 | Identified Desublimator 15226 | -1/Access_0 | Found Prototype Device 15227 | -1/Access_0 | Identified ST Field Compressor 15274 | -1/Access_0 | A3 warped into view 15278 | -1/Access_0 | Destroyed A3 15281 | -1/Access_0 | Found Prototype Ballistic Gun 15281 | -1/Access_0 | Identified A3's Sniper Rifle 15291 | -1/Access_0 | Found Sigix Corpse 15430 | -1/Access_0 | Found Integrity Redistributor 15469 | -1/Access_0 | Warped through subspace to slip node 15469 | -1/Access_0 | Discovered new exit (range 8) 15470 | -1/Access_0 | Found Hpw. Transdimensional Reconstructor 15470 | -1/Access_0 | Warped through subspace to slip node 15472 | -1/Access_0 | Used Integrity Redistributor, redistributed integrity to core (+415) 15473 | -1/Access_0 | Sigix Exoskeleton integrity reduced to 40% 15475 | *** | Heading to fleet! Last Messages --------------- 15427_ Quantum Shear penetrates Wall. 15427_ Quantum Shear penetrates Earth. 15429_ Dropped ST Field Compressor. 15430_ Acquired Integrity Redistributor. 15467_ Quantum Shear penetrates Workstation. 15467_ Workstation disabled. 15467_ Quantum Shear penetrates Earth. 15467_ Quantum Shear penetrates Wall. 15469_ Warped through subspace, drawn to slip node. 15469_ EXIT=FOUND 15470_ Acquired Hpw. Transdimensional Reconstructor. 15470_ Warped through subspace, drawn to slip node. 15472_ Integrity redistributed to core (+415). 15473_ Exo-853F: "Integrity reduced to 40%, advise evasive maneuvers to regroup with unit." Map ----- +----------------------------------------------------+ | | | | | | | | | | | | | | | | | | | | | | | | | | | | | | | | | ?????????????#########################???????????? | | ????????????###########################??????????? | | ???????????#############################?????????? | | ???????????#############################?????????? | | ??????????###############################????????? | | ?????????#################################???????? | | ?????????#################################???????? | | ?????????################ ################???????? | | ????????################ ################??????? | | ????????################ X ################??????? | | ????????################ ################??????? | | ???????################ ################??????? | | ???????################ #################??????? | | ???????################# #################?????? | | ???????################ ################??????? | | ???????################ #################??????? | | ??????################# < ################??????? | | ???????################ #################??????? | | ???????################# #################??????? | | ???????###################################???????? | | ???????###################################???????? | | ???????###################################???????? | | ????????#################################????????? | | ????????#################################????????? | | ????????#################################????????? | | ?????????###############################?????????? | | ??????????#############################??????????? | | ??????????#############################??????????? | | ???????????###########################???????????? | | ????????????#########################????????????? | | ?????????????#######################?????????????? | | ???????????????###################???????????????? | | ????????????????#################????????????????? | | ???????????????????###########???????????????????? | +----------------------------------------------------+ Best States ------------- Heat Dissipation 117 Energy Generation 104 Energy Capacity 395 Matter Stores 300 Matter Capacity 800 Sight Range 24 Robot Scan Range 16 Terrain Scan Density 10 Power Amplification 80 Additional Mass Support 25 Corruption Block 20 Armor Coverage 400 Resistance: KI 50 Resistance: TH 50 Resistance: EX 50 Resistance: EM 100 Resistance: I 50 Resistance: S 50 Resistance: P 50 Weapon Cycling 30 Phase Shifting 20 Evasion (%) 103 Targeting Accuracy 52 Melee Accuracy 16 Target Analysis 12 Core Analysis 12 Recoil Reduction 2 Energy Filtering 30 Offensive Hacking 36 Defensive Hacking 34 Trap Extractor Capacity 4 Item Schematics ----------------- Exp. System Shield | -2/Testing | Archive Molecular Scythe | -2/Testing | Archive Exp. Actuator Array | -2/Testing | Archive Robot Schematics ------------------ G-67 Veteran | -2/Testing | Archive Fabricated ------------ Nothing Repaired ---------- Lgt. Treads | 37% | -10/Materials Alien Tech Used ----------------- Core Expander Core Reset Matrix Microwarp Drive Core Membrane Integrated Reactor Dimensional Node Initializer LRC Insulator Transdimensional Reconstructor Sigix Shearcannon Sigix Exoskeleton Sigix Sheargun Subatomic Replicator Core Physics Calibrator Sigix Terminator High-powered Transdimensional Reconstructor Core Regenerator Integrity Redistributor Achievements -------------- None Challenges ------------ None Game ------ Seed GuidedBoreTurbovents Manual? 0 Play Time 02:53:37 Cumulative 1096.1 hours Start 2025.08.09 @ 20:37:23 End 2025.08.09 @ 23:33:07 Sessions 3 Manual Loads 0 Difficulty Rogue Special Mode None Game No. 529 Rogue 525 Adventurer 4 Explorer 0 Win Type 2 Total 275 Types 151/24/52/9/3/1/10/11/6/8 Lore% 97 Gallery% 92 Achievement% 98 Wizard Run 0 Options --------- Layout 2 ASCII 0 Keyboard 0 Movement Arrows Keybinds 0 Fullscreen 2 Font 32/SmallcapsGlow Map View 50x44 Zoom Use 0% Tactical HUD 1 Map Filters NONE Filters NONE Steam 1 RUN: 3ed3bab9-3edd-4be4-8cbc-f03b6b5188fe